 Dungeon Crawl Stone Soup version 0.28.0-53-g5a82cb258f (webtiles) character file.

Game seed: 14225825290099491944

721 DearestLeader the Covert (level 7, -13/51 HPs)
             Began as a Gnoll Wanderer on June 7, 2022.
             Mangled by an ogre
             ... wielding a +0 giant spiked club
              (15 damage)
             ... on level 4 of the Dungeon.
             The game lasted 00:08:05 (4224 turns).

DearestLeader the Covert (Gnoll Wanderer)           Turns: 4224, Time: 00:08:06

Health: -13/51     AC:  4    Str: 10    XL:     7   Next: 70%
Magic:  2/12       EV: 12    Int: 13    God:
Gold:   141        SH:  0    Dex: 13    Spells: 9/13 levels left

rFire   + . .      SeeInvis .   a - +3 spear
rCold   . . .      Faith    .   (no shield)
rNeg    . . .      Spirit   .   q - +0 leather armour
rPois   .          Reflect  .   (no helmet)
rElec   .          Harm     .   b - +0 cloak
rCorr   +          Rampage  .   (no gloves)
Will    .....                   (no boots)
Stlth   ++++......              (no amulet)
HPRegen 0.17/turn               h - ring of protection from fire
MPRegen 0.13/turn               x - ring of resist corrosion

@: no status effects
A: fangs 1, strong nose, distributed training
a: no special abilities


You were on level 4 of the Dungeon.
You visited 1 branch of the dungeon, and saw 4 of its levels.

You collected 141 gold pieces.

Inventory:

Hand Weapons
 a - a +3 spear (weapon)
Missiles
 c - 22 stones
 v - 17 sling bullets
Armour
 b - a +0 cloak (worn)
 d - a +0 robe
 q - a +0 leather armour (worn)
 u - a +0 kite shield
Magical Staves
 i - a staff of air
Jewellery
 h - a ring of protection from fire (left hand)
 x - a ring of resist corrosion (right hand)
Wands
 t - a wand of flame (19)
Scrolls
 g - a scroll of enchant weapon
 j - a scroll of noise {unknown}
 l - 2 scrolls of teleportation {unknown}
 n - a scroll of magic mapping {unknown}
 o - a scroll of amnesia {unknown}
 p - a scroll of blinking {unknown}
 r - 4 scrolls of identify {unknown}
 s - a scroll of summoning {unknown}
Potions
 e - a potion of ambrosia {unknown}
 f - a potion of heal wounds
 k - a potion of resistance {unknown}
 m - a potion of brilliance {unknown}
 w - 2 potions of haste {unknown}
 z - a potion of invisibility {unknown}
 A - a potion of magic {unknown}
 B - a potion of cancellation {unknown}
 C - a potion of berserk rage {unknown}


   Skills:
 + Level 2.6 Fighting
 + Level 2.6 Short Blades
 + Level 2.6 Long Blades
 + Level 2.6 Axes
 + Level 2.6 Maces & Flails
 + Level 7.1 Polearms
 + Level 2.6 Staves
 + Level 2.6 Slings
 + Level 2.6 Bows
 + Level 2.6 Crossbows
 + Level 2.6 Throwing
 + Level 2.6 Armour
 + Level 3.7 Dodging
 + Level 8.3 Stealth
 + Level 2.6 Shields
 + Level 2.6 Unarmed Combat
 + Level 3.9 Spellcasting
 + Level 2.1 Conjurations
 + Level 2.1 Hexes
 + Level 2.1 Summonings
 + Level 2.1 Necromancy
 + Level 2.1 Translocations
 + Level 2.1 Transmutations
 + Level 2.1 Fire Magic
 + Level 2.1 Ice Magic
 + Level 2.1 Air Magic
 + Level 3.1 Earth Magic
 + Level 2.1 Poison Magic
 + Level 3.0 Invocations
 + Level 2.6 Evocations


You had 9 spell levels left.
You knew the following spells:

 Your Spells              Type           Power      Damage    Failure   Level
a - Sandblast             Erth           20%        2d7       8%          1
b - Stone Arrow           Conj/Erth      18%        3d8       28%         3

Your spell library contained the following spells:

 Spells                   Type           Power      Damage    Failure   Level
 Foxfire                  Conj/Fire      32%        2x1d5     11%         1
 Pain                     Necr           32%        1d5       11%         1
 Conjure Flame            Conj/Fire      8%         6-21      32%         3
 Dazzling Flash           Conj/Hex       16%        N/A       32%         3
 Inner Flame              Hex/Fire       8%         N/A       32%         3
 Tukima's Dance           Hex            8%         N/A       32%         3
 Flame Wave               Conj/Fire      8%         2d5       73%         4
 Iskenderun's Mystic Bla  Conj/Tloc      8%         2d4       73%         4
 Passage of Golubria      Tloc           8%         N/A       73%         4
 Yara's Violent Unravell  Hex/Tmut       4%         3d4       97%         5
 Starburst                Conj/Fire      4%         6d3       100%        6


Dungeon Overview and Level Annotations

Branches:
Dungeon (4/15)
 Temple: D:4-7

Altars:
Kikubaaqudgha
Okawaru
Trog


Innate Abilities, Weirdness & Mutations

You have very sharp teeth.
Your uncanny sense of smell can sniff out nearby items.
Your experience applies equally to all skills.


Message History

Press: ? - help, Shift-Dir - straight line, f/p - ogre
Aim: an ogre, wielding a +0 giant spiked club (90% to hit)
The blast of sand hits the orc priest but does no damage.
The orc priest is almost dead.
The orc priest hits you with a +0 short sword.
* * * LOW HITPOINT WARNING * * *
Casting: Sandblast (safe; 8% risk of failure)
Confirm with . or Enter, or press ? or * to list all spells.
Aiming: Sandblast (safe; 8% risk of failure)
Press: ? - help, Shift-Dir - straight line, f/p - ogre
Aim: an ogre, wielding a +0 giant spiked club (90% to hit)
The blast of sand hits the orc priest but does no damage.
The orc priest is almost dead.
The orc priest hits you with a +0 short sword.
* * * LOW HITPOINT WARNING * * *
You hit the orc priest but do no damage.
The orc priest is almost dead.
The orc priest looks satisfied for a moment.
You hit the orc priest.
You kill the orc priest!
Your magical contamination has completely faded away.
Your Invocations skill increases to level 3!
Unknown command.
Okay, then.
You feel much better. The ogre barely misses you.
Casting: Sandblast (safe; 8% risk of failure)
Confirm with . or Enter, or press ? or * to list all spells.
Aiming: Sandblast (safe; 8% risk of failure)
Press: ? - help, Shift-Dir - straight line, f/p - ogre
Aim: an ogre, wielding a +0 giant spiked club (90% to hit)
The blast of sand hits the ogre.
The ogre is moderately wounded.
You barely miss the ogre. You bite the ogre.
The ogre is moderately wounded.
The ogre hits you with a +0 giant spiked club!!
* * * LOW HITPOINT WARNING * * *
You hit the ogre.
The ogre is moderately wounded.
The ogre hits you with a +0 giant spiked club!
You die...

..##.##.##...)..#.#.(.#..#.....#.
...........#.##.#.#.###..#.....#.
...#.##......##.#.#.# ####.....##
...#..#...........#.###..#.....#.
...#........##....#.#.#..†.....'†
...#..#.#.........#.#.####+###'##
...####.#.#.....o.#.#.#..#..#..##
[.......#.######O##.#...##.†'..##
(..#.........#.#@##.##...########
...#.####.##.#.#.##........# #.#
...#.# #.##.#.#.#####.#.#.# #.#
...#.# #.##.#.#.#####.#.#.####.#
'#...# #....#.#.......#.#......#
.#############.#########.........
...............# ##########
##############.# ###


You could see an ogre and an orc.

Vanquished Creatures
  Sigmund (D:4)
  A necrophage (D:4)
  An ogre (D:4)
  A scorpion (D:4)
  An orc priest (D:4)
  An iguana (D:4)
  2 orc wizards (D:4)
  A hound skeleton (D:4)
  12 adders
  An adder skeleton (D:4)
  3 worms (D:3)
  5 dart slugs
  14 orcs
  5 bats
  7 endoplasms
  3 giant cockroaches
  4 goblins
  2 hobgoblins
  7 jackals (D:3)
  2 quokkas
  10 ball pythons
  3 frilled lizards
  7 kobolds
  7 rats
101 creatures vanquished.

Notes
Turn   | Place    | Note
-------+----------+-------------------------------------------
     0 | D:1      | DearestLeader the Gnoll Wanderer began the quest for the
                  | Orb.
     0 | D:1      | DearestLeader set off with the following items: a +2 spear,
                  | a +0 cloak, 35 stones, a +0 robe; and the following spell
                  | memorised: Sandblast; and the following spells available to
                  | memorise: Stone Arrow
     0 | D:1      | Reached XP level 1. HP: 13/13 MP: 4/4
   213 | D:1      | Reached XP level 2. HP: 19/19 MP: 5/5
   790 | D:2      | Reached XP level 3. HP: 22/25 MP: 7/7
   794 | D:2      | Learned a level 3 spell: Stone Arrow
  1121 | D:2      | Reached skill level 1 in Invocations
  1143 | D:2      | Found a faded altar of an unknown god.
  1151 | D:2      | Got Plato's Handbook of Necromancy
  1585 | D:3      | Found an ancient bone altar of Kikubaaqudgha.
  1590 | D:3      | Reached skill level 1 in Fighting
  1590 | D:3      | Reached skill level 1 in Short Blades
  1590 | D:3      | Reached skill level 1 in Long Blades
  1590 | D:3      | Reached skill level 1 in Axes
  1590 | D:3      | Reached skill level 1 in Maces & Flails
  1590 | D:3      | Reached skill level 1 in Staves
  1590 | D:3      | Reached skill level 1 in Slings
  1590 | D:3      | Reached skill level 1 in Bows
  1590 | D:3      | Reached skill level 1 in Crossbows
  1590 | D:3      | Reached skill level 1 in Throwing
  1590 | D:3      | Reached skill level 1 in Armour
  1590 | D:3      | Reached skill level 1 in Shields
  1590 | D:3      | Reached skill level 1 in Unarmed Combat
  1590 | D:3      | Reached skill level 1 in Evocations
  1664 | D:3      | Noticed a moth of wrath
  1667 | D:3      | Found a bloodstained altar of Trog.
  1710 | D:3      | Reached XP level 4. HP: 32/32 MP: 4/8
  1854 | D:3      | Found an iron altar of Okawaru.
  1908 | D:3      | Reached skill level 1 in Conjurations
  1908 | D:3      | Reached skill level 1 in Hexes
  1908 | D:3      | Reached skill level 1 in Summonings
  1908 | D:3      | Reached skill level 1 in Necromancy
  1908 | D:3      | Reached skill level 1 in Translocations
  1908 | D:3      | Reached skill level 1 in Transmutations
  1908 | D:3      | Reached skill level 1 in Fire Magic
  1908 | D:3      | Reached skill level 1 in Ice Magic
  1908 | D:3      | Reached skill level 1 in Air Magic
  1908 | D:3      | Reached skill level 1 in Poison Magic
  2162 | D:3      | Reached XP level 5. HP: 13/37 MP: 4/9
  2582 | D:4      | Noticed Sigmund
  2593 | D:4      | Killed Sigmund
  2594 | D:4      | Reached skill level 8 in Stealth
  2594 | D:4      | Reached XP level 6. HP: 38/44 MP: 3/11
  3003 | D:4      | Reached XP level 7. HP: 39/50 MP: 10/12
  4210 | D:4      | HP: 2/51 [orc priest/+0 short sword (5)]
  4223 | D:4      | HP: 2/51 [ogre/+0 giant spiked club (21)]
  4224 | D:4      | Mangled by an ogre

Illustrated notes

Levels and vault maps discovered:
D:1:      saegor_arrival_fortress, layout_rooms
D:2:      layout_basic, shapermc_ecumenical_altar_rom_forum,
          hangedman_decor_growths
D:3:      layout_rooms, tgw_trog, mainiacjoe_overflow_catwalk,
          okawaru_ov_weapons_minmay
D:4:      layout_basic, minmay_snake_closets, uniq_sigmund

Skill      XL: |  1  2  3  4  5  6  7 |
---------------+----------------------+-----
Earth Magic    | 2 3 |  3.1
Invocations    | 1 2 3 |  3.0
Fighting       | 1 2 |  2.6
Short Blades   | 1 2 |  2.6
Long Blades    | 1 2 |  2.6
Axes           | 1 2 |  2.6
Maces & Flails | 1 2 |  2.6
Staves         | 1 2 |  2.6
Slings         | 1 2 |  2.6
Bows           | 1 2 |  2.6
Crossbows      | 1 2 |  2.6
Throwing       | 1 2 |  2.6
Armour         | 1 2 |  2.6
Shields        | 1 2 |  2.6
Unarmed Combat | 1 2 |  2.6
Evocations     | 1 2 |  2.6
Spellcasting   | 3 |  3.9
Conjurations   | 1 2 |  2.1
Hexes          | 1 2 |  2.1
Summonings     | 1 2 |  2.1
Necromancy     | 1 2 |  2.1
Translocations | 1 2 |  2.1
Transmutations | 1 2 |  2.1
Fire Magic     | 1 2 |  2.1
Ice Magic      | 1 2 |  2.1
Air Magic      | 1 2 |  2.1
Poison Magic   | 1 2 |  2.1
Dodging        | 3 |  3.7
Stealth        | 8 |  8.3
Polearms       | 7 |  7.1

Action                   |  1- 3 |  4- 6 |  7- 9 || total
-------------------------+-------+-------+-------++-------
Melee: Spear             |    86 |    86 |    99 ||   271
       Bite              |     5 |     7 |     8 ||    20
       Punch             |     1 |     1 |     1 ||     3
 Cast: Sandblast         |    15 |    33 |    18 ||    66
  Use: Scroll            |       |     2 |       ||     2
       Potion            |       |     1 |     1 ||     2
 Stab: Sleeping          |     9 |     7 |    11 ||    27
       Distracted        |     2 |     1 |       ||     3
Armor: Robe              |     9 |     6 |       ||    15
       Leather armour    |       |    11 |    13 ||    24
Dodge: Dodged            |    21 |    54 |    30 ||   105
